AoeStats
← CHILEPALESTA

Fortress

510179935Analyzed
4v4 RM · 1d ago on Sep 29, 2026· 23m 19s· 8 players
Game mode
Random Map
Map size
Huge
Population
200
Speed
Normal
Resources
Standard
Victory
Conquest
Starting age
Dark Age
Ending age
Imperial Age
RankedLock teamsTeams togetherTeam positionsShared explorationLock speedFull tech treeHidden civsTurbo modeCheats
Victory
Defeat
🇩🇪 Danes · Germany
742
+14
🇺🇸 Cumans · United States
634
+19
🇨🇦 Vietnamese · Canada
579
+21
🇦🇺 Wei · Australia
572
+21
🇧🇷 Maya · Brazil
701
-19
697
-19
🇨🇱 Celts · Chile
690
-19
🇧🇷 Persians · Brazil
673
-18
CHILEPALESTA
1:38 Loom
4:08 Loom
6:34 Feudal Age
7:06 Double-Bit Axe
7:47 Horse Collar
11:33 Wheelbarrow
12:23 Gold Mining
15:19 Town Watch
17:54 Castle Age
16:33 Forging
16:30 Scale Barding Armor
15:58 Man-at-Arms
17:35 Arson
19:30 Iron Casting
19:13 Heavy Plow
20:05 Scale Mail Armor
20:00 Fletching
21:34 Caravan
21:46 Guard Tower
22:08 Fortified Wall
22:20 Ballistics
Buffy the Empire Slayer
1:01 Loom
8:05 Feudal Age
8:43 Man-at-Arms
10:07 Arson
17:57 Bloodlines
21:46 Castle Age
Jorjão
1:16 Loom
10:45 Feudal Age
13:04 Wheelbarrow
13:00 Stone Mining
13:51 Double-Bit Axe
16:15 Town Watch
19:14 Horse Collar
23:38 Castle Age
Dolfisgamer
2:43 Loom
9:08 Feudal Age
9:34 Double-Bit Axe
10:12 Horse Collar
11:13 Gold Mining
16:57 Wheelbarrow
17:51 Bloodlines
21:18 Castle Age
Like Jc
6:19 Feudal Age
7:13 Double-Bit Axe
16:41 Wheelbarrow
19:52 Castle Age
18:12 Horse Collar
20:52 Hand Cart
22:11 Heavy Plow
23:26 Fletching
23:47 Forging
23:42 Scale Barding Armor
23:38 Scale Mail Armor
23:38 Padded Archer Armor
lindian04
8:22 Loom
10:09 Feudal Age
12:07 Wheelbarrow
11:15 Horse Collar
11:24 Double-Bit Axe
11:32 Gold Mining
11:33 Stone Mining
11:30 Town Watch
18:01 Castle Age
18:55 Bow Saw
19:23 Stone Shaft Mining
18:50 Heavy Plow
19:14 Hand Cart
19:21 Crossbowman
20:19 Town Patrol
21:43 Pikeman
22:23 Squires
23:22 Arson
WelcomeToHorrorwood
1:56 Loom
11:23 Feudal Age
11:59 Double-Bit Axe
11:58 Horse Collar
14:52 Man-at-Arms
18:05 Castle Age
16:52 Scale Mail Armor
18:07 Gold Mining
18:51 Forging
21:46 Long Swordsman
MrShrike
9:46 Feudal Age
12:03 Horse Collar
12:12 Double-Bit Axe
13:04 Gold Mining
13:40 Stone Mining
15:45 Wheelbarrow
21:14 Castle Age
20:14 Forging
20:07 Scale Mail Armor
21:01 Fletching
23:13 Stone Shaft Mining
22:51 Bow Saw
Connection lost

Rejoining the realm…

Still unreachable

The connection could not be restored.

Session expired

The server has moved on; the page needs a fresh start.